 Dungeon Crawl Stone Soup version 0.20-a0-1018-ge435b50 (webtiles) character file.

56 Multipenetrator the Grave Robber (level 3, -1/24 HPs)
             Began as a Mummy Necromancer on Apr 17, 2017.
             Slain by an orc priest (5 damage)
             ... on level 3 of the Dungeon.
             The game lasted 00:10:45 (979 turns).

Multipenetrator the Grave Robber (Mummy Necromancer) Turns: 979, Time: 00:10:46

Health: -1/24      AC:  3    Str: 11    XL:     3   Next: 71%
Magic:  0/8        EV: 12    Int: 21    God:
Gold:   71         SH:  0    Dex: 12    Spells: 8/10 levels left

rFire    x . .     SeeInvis .   (no weapon)
rCold    + . .     Gourm    .   (no shield)
rNeg     + + +     Faith    .   a - +1 robe
rPois    ∞         Spirit   .   (no helmet)
rElec    .         Reflect  .   (no cloak)
rCorr    .         Harm     .   (no gloves)
MR       .....                  (no boots)
Stlth    +.........             (no amulet)
Regen    0.1/turn               c - ring of loudness (curse)
MPRegen  0.2/turn               d - +6 ring of intelligence

@: very slightly contaminated
A: no food or potions, fire vulnerability, cold resistance 1, negative energy
resistance 3, torment resistance, unbreathing
a: no special abilities


You were on level 3 of the Dungeon.
You were not hungry.

You visited 1 branch of the dungeon, and saw 3 of its levels.

You collected 71 gold pieces.

Inventory:

Armour
 a - a +1 robe (worn)
Jewellery
 c - a cursed ring of loudness (left hand)
 d - a +6 ring of intelligence (right hand)
 e - an uncursed ring of protection from fire {unknown}
Scrolls
 f - a scroll of teleportation {unknown}
Books
 b - a book of Necromancy

   Spells                             Type                      Level
   a - Pain                           Necromancy                   1
   b - Animate Skeleton               Necromancy                   1
   c - Vampiric Draining              Necromancy                   3
   d - Regeneration                   Charms/Necromancy            3
   e - Animate Dead                   Necromancy                   4
   f - Control Undead                 Necromancy                   4


   Skills:
 - Level 1.5 Dodging
 - Level 1.5 Stealth
 + Level 4.0 Spellcasting
 + Level 4.7 Necromancy


You had 8 spell levels left.
You knew the following spells:

 Your Spells              Type           Power        Failure   Level  Hunger
a - Pain                  Necr           ###.         1%          1    N/A
z - Animate Skeleton      Necr           N/A          1%          1    N/A

Dungeon Overview and Level Annotations

Branches:
Dungeon (3/15)

Altars:
Dithmenos
Nemelex Xobeh
Wu Jian
Zin


Innate Abilities, Weirdness & Mutations

You do not eat or drink.
Your flesh is vulnerable to fire.
You are immune to poison.
Your flesh is cold resistant. (rC+)
You are immune to negative energy. (rN+++)
You are immune to unholy pain and torment.
You can survive without breathing.


Message History

You kill the jackal!
The orc priest barely misses you. The jackal barely misses you.
You barely miss the orc priest.
The orc priest is lightly wounded.
The orc priest closely misses you. The jackal closely misses you.
You barely miss the orc priest.
The orc priest is lightly wounded.
The jackal bites you but does no damage.
The orc priest hits you.
The orc priest calls down the wrath of Beogh upon you.
Beogh smites you!
* * * LOW HITPOINT WARNING * * *
The jackal bites you but does no damage.
The orc priest casts a cantrip, but nothing happens.
You can't eat.
Unknown command.
As you read the scroll labeled SIMI JUINA, it crumbles to dust.
The creatures around you are filled with an inner flame!
It was a scroll of immolation.
The orc priest hits you.
You die...

######## #......# #######
###......# ##+###
.......####........# #.....
.......)..#........####.....
.........)o...........'.....
........#.#oh.####.####.....
#######...#@..# #.# ###.<.
####...#...## #.# #....
#...........# #.# #....
###...........###.# #....
#.'...........'.#.# #....
#.#...........#.#.# #....
#.#<..###(#####.#.# #....
#.###.# #)# #.#.# #.#.. #.
..# #.# #.#.# #.#Z.


You could see 2 orc priests and a jackal (inner flame).

Vanquished Creatures
  An adder (D:2)
  A worm (D:2)
  A dart slug (D:1)
  5 orcs (D:3)
  2 bats
  A giant cockroach (D:2)
  4 goblins
  3 hobgoblins
  5 jackals (D:3)
  3 kobolds
  2 frilled lizards
  5 rats
33 creatures vanquished.

Vanquished Creatures (collateral kills)
  A giant cockroach (D:3)
  A goblin (D:1)
  2 jackals (D:3)
  A kobold (D:3)
5 creatures vanquished.

Grand Total: 38 creatures vanquished

Notes
Turn   | Place    | Note
-------+----------+-------------------------------------------
     0 | D:1      | Multipenetrator the Mummy Necromancer began the quest for the Orb.
     0 | D:1      | Reached XP level 1. HP: 13/13 MP: 4/4
   251 | D:1      | Reached XP level 2. HP: 16/19 MP: 0/6
   256 | D:1      | Learned a level 1 spell: Animate Skeleton
   697 | D:2      | Found an ornate altar of the Wu Jian Council.
   697 | D:2      | Found a glowing silver altar of Zin.
   697 | D:2      | Found a shadowy altar of Dithmenos.
   698 | D:2      | Found a sparkling altar of Nemelex Xobeh.
   712 | D:2      | Reached XP level 3. HP: 24/24 MP: 2/8
   979 | D:3      | Slain by an orc priest

Vault maps used:
D:1:      dpeg_arrival_solitude
D:2:      chequers_temple_overflow_statue_of_worship
D:3:      portal_sewer_entry_b

Skill      XL: |  1  2  3 |
---------------+----------+-----
Spellcasting   | 3 4 |  4.0
Dodging        | |  1.5
Stealth        | |  1.5
Necromancy     | |  4.7

Action                   || total
-------------------------++-------
Melee: Unarmed           ||    26
 Cast: Pain              ||    73
       Animate Skeleton  ||     7
  Use: Scroll            ||     3
Armor: Robe              ||    12
Dodge: Dodged            ||    30
